 Dungeon Crawl Stone Soup version 0.28.0-53-g5a82cb258f (webtiles) character file.

Game seed: 18160320469032228592

518 mortz the Conjurer (level 7, -3/42 HPs)
             Began as an Octopode Conjurer on June 5, 2022.
             Slain by an iguana (14 damage)
             ... on level 4 of the Dungeon.
             The game lasted 00:16:51 (4560 turns).

mortz the Conjurer (Octopode Conjurer)              Turns: 4560, Time: 00:16:51

Health: -3/42      AC:  1    Str:  6    XL:     7   Next: 21%
Magic:  11/21      EV: 13    Int: 23    God:
Gold:   117        SH:  0    Dex: 10    Spells: 10/13 levels left

rFire   . . .      SeeInvis +   n - staff of conjuration {!a@e2staff}
rCold   . . .      Faith    .   (no shield)
rNeg    . . .      Spirit   .   (helmet restricted)
rPois   .          Reflect  .   (no amulet)
rElec   .          Harm     .   e - ring of willpower
rCorr   .          Rampage  .   i - ring of magical power
Will    +....                   k - ring of see invisible
Stlth   +++.......              (no ring)
HPRegen 0.14/turn               (no ring)
MPRegen 0.17/turn               (no ring)
                                (no ring)
                                (no ring)

@: very slightly contaminated
A: almost no armour, amphibious, 8 rings, camouflage 1, gelatinous body 1,
(nimble swimmer 1), tentacles
a: no special abilities


You were on level 4 of the Dungeon.
You visited 1 branch of the dungeon, and saw 4 of its levels.

You collected 117 gold pieces.


Innate Abilities, Weirdness & Mutations

You cannot wear most types of armour.
You are amphibious.
You can wear up to eight rings at the same time.
Your skin changes colour to match your surroundings (Stealth+).
Your rubbery body absorbs attacks. (AC +1, EV +1)
((You are camouflaged when in or above water. (Stealth+)))
You have tentacles for arms and can constrict up to eight enemies at once.


   Skills:
 + Level 0.6 Fighting
 + Level 2.4 Dodging
 + Level 3.8 Stealth
 + Level 3.7 Spellcasting
 + Level 6.3 Conjurations
 * Level 3.0 Translocations


You had 10 spell levels left.
You knew the following spells:

 Your Spells              Type           Power      Damage    Failure   Level
a - Magic Dart            Conj           100%       1d8       1%          1
b - Searing Ray           Conj           100%       2d8       1%          2

Your spell library contained the following spells:

 Spells                   Type           Power      Damage    Failure   Level
 Dazzling Flash           Conj/Hex       56%        N/A       9%          3
 Beastly Appendage        Tmut           8%         N/A       11%         1
 Wereblood                Tmut           4%         N/A       16%         2
 Iskenderun's Mystic Bla  Conj/Tloc      38%        2d9       16%         4
 Fulminant Prism          Conj/Hex       14%        3d9       28%         4
 Spider Form              Tmut/Pois      4%         N/A       32%         3

Inventory:

Hand Weapons
 b - a +0 dagger {short}
   (You took it off a kobold on level 1 of the Dungeon)
 d - a +2 whip of draining {mace}
   (You took it off a kobold on level 1 of the Dungeon)
 j - a +0 hand axe {axe}
   (You found it on level 2 of the Dungeon)
 o - the +2 mace "Watown" {protect, Str+2 Dex-3 Stlth+, mace}
   (You found it on level 3 of the Dungeon)

   It grants its wielder temporary protection when it strikes (+7 to AC).
   Str:       It affects your strength (+2).
   Dex:       It affects your dexterity (-3).
   Stlth:     It makes you more stealthy.
 p - a +2 dagger of flaming {short}
   (You took it off a goblin on level 4 of the Dungeon)
 r - a +2 dagger of speed {short}
   (You took it off a goblin on level 4 of the Dungeon)
Magical Staves
 n - a staff of conjuration (weapon) {!a@e2staff}
   (You found it on level 3 of the Dungeon)
 q - a staff of poison {!astaff}
   (You took it off a goblin on level 4 of the Dungeon)
Jewellery
 e - a ring of willpower (left tentacle)
   (You found it on level 1 of the Dungeon)
 i - a ring of magical power (right tentacle)
   (You found it on level 2 of the Dungeon)
 k - a ring of see invisible (on tentacle)
   (You found it on level 3 of the Dungeon)
Scrolls
 a - a scroll of fear {unknown}
 f - 4 scrolls of identify {@r1}
 g - 2 scrolls of teleportation {unknown}
 m - a scroll of enchant armour {unknown}
Potions
 c - a potion of lignification {!q}
 h - a potion of curing {unknown}
 l - a potion of ambrosia {unknown}

Dungeon Overview and Level Annotations

Branches:
Dungeon (4/15)
 Temple: D:4-7

Altars:

Shops:
D:4 *

Annotations:
D:3 1 runed translucent door, Crazy Yiuf
D:4 Edmund

# #.# #....#.# ## #.# #.#.#
.###.# #.#.# .....#
#.#.######### .....#
#.#.........# .....#
#.#########.# .....# #.# #.#
.....# #l# #.# #....# #@#
#.# #....# ######.# #.#
#....# #......# #######.#
##'#.# #......###.......#
#.#.######.......##.########
#................##.# #....#
##...............##.# #.##.#
#.>.............##.# #.##.#
###.............##.###.##.#


You could see an iguana.


Message History

Aim: an ogre, wielding a +0 giant club (heavily wounded, 92% to hit)
You feel a surge of power!
The searing ray hits the ogre. (Press . to maintain the ray.) 😎 MP[-2]
You lost 2 mp, and now have 15/20 mp.
The searing ray hits the ogre!
The searing ray hits the ogre!
You kill the ogre!
You have reached level 7! 😎 HP[+5] MP[-1]
You now have 42 max hp (+5).
Your hp is fully restored (42).
Things that are here:
a +0 giant club {mace}; an ogre corpse; 😎 MP[+7]
Your mp is fully restored (21).
Found a stone staircase leading up.
You see here 24 arrows.
You see here 24 arrows.
Things that are here:
a +0 giant club {mace}; an ogre corpse Ijyb the Twisted Goblin comes into view.
She is wielding a +0 club and carrying a wand of iceblast (6).
Aiming: Magic Dart (safe; 1% risk of failure)
Press: ? - help, Q - select action, (/) - cycle Shift-Dir - straight line, f - Ijyb
Aim: Ijyb, wielding a +0 club, wearing a +0 leather armour and carrying a wand of iceblast (6) (asleep, 100% to hit)
You feel a surge of power!
The magic dart hits Ijyb but does no damage.
Ijyb shouts!
You hear an angry hiss.
An iguana comes into view. 😎 MP[-1]
You lost 1 mp, and now have 20/21 mp.
Aiming: Magic Dart (safe; 1% risk of failure)
Press: ? - help, Q - select action, (/) - cycle Shift-Dir - straight line, f/p - Ijyb
Aim: Ijyb, wielding a +0 club, wearing a +0 leather armour and carrying a wand of iceblast (6) (100% to hit)
You feel a surge of power!
The magic dart hits Ijyb. 😎 MP[-1]
You lost 1 mp, and now have 19/21 mp.
Aiming: Magic Dart (safe; 1% risk of failure)
Press: ? - help, Q - select action, (/) - cycle Shift-Dir - straight line, f/p - Ijyb
Aim: Ijyb, wielding a +0 club, wearing a +0 leather armour and carrying a wand of iceblast (6) (lightly wounded, 100% to hit)
You feel a surge of power!
The magic dart hits Ijyb but does no damage. 😎 MP[-1]
You lost 1 mp, and now have 18/21 mp.
Casting: Magic Dart (safe; 1% risk of failure)
Confirm with . or Enter, or press ? or * to list all spells.
Aiming: Searing Ray (safe; 1% risk of failure)
Press: ? - help, Shift-Dir - straight line, f/p - Ijyb
Aim: Ijyb, wielding a +0 club, wearing a +0 leather armour and carrying a wand of iceblast (6) (lightly wounded, 79% to hit)
You feel a surge of power!
The searing ray hits Ijyb! (Press . to maintain the ray.) Ijyb zaps a wand.
The mass of ice explodes!
The iceblast engulfs you!
You hear a shout! x4; You hear an angry hiss. 😮 HP[-17] MP[-1]
You take 17 damage, and now have 25/42 hp.
MASSIVE DAMAGE!! (PAUSE)
You lost 1 mp, and now have 17/21 mp.
The searing ray hits Ijyb. 😮 MP[-1]
You lost 1 mp, and now have 16/21 mp.
The searing ray hits Ijyb!
You kill Ijyb!
Your Translocations skill increases to level 3! 😮 MP[-1]
You lost 1 mp, and now have 15/21 mp.
The searing ray hits the iguana!
You finish channelling your searing ray. 😮 MP[-1]
You lost 1 mp, and now have 14/21 mp.
The iguana bites you!
* * * LOW HITPOINT WARNING * * *
😨 HP[-10]
You take 10 damage, and now have 15/42 hp.
MASSIVE DAMAGE!! (PAUSE) 😨 MP[+1]
Casting: Searing Ray (safe; 1% risk of failure)
Confirm with . or Enter, or press ? or * to list all spells.
Aiming: Searing Ray (safe; 1% risk of failure)
Press: ? - help, Shift-Dir - straight line, f - iguana
Aim: an iguana (heavily wounded, 85% to hit)
You feel a surge of power!
You miscast Searing Ray.
You are very lightly contaminated with residual magic.
Nothing appears to happen.
The iguana bites you.
* * * LOW HITPOINT WARNING * * *
😱 HP[-5] MP[-2]
You take 5 damage, and now have 10/42 hp.
You lost 2 mp, and now have 13/21 mp.
Casting: Searing Ray (safe; 1% risk of failure)
Confirm with . or Enter, or press ? or * to list all spells.
Aiming: Searing Ray (safe; 1% risk of failure)
Press: ? - help, Shift-Dir - straight line, f/p - iguana
Aim: an iguana (heavily wounded, 85% to hit)
You feel a surge of power!
The searing ray hits the iguana. (Press . to maintain the ray.)
The iguana bites you but does no damage. 😨 HP[+1] MP[-1]
You lost 1 mp, and now have 12/21 mp.
The searing ray misses the iguana.
The iguana bites you!
You die...

Skill      XL: |  1  2  3  4  5  6  7 |
---------------+----------------------+-----
Translocations | 1 2 3 |  3.0
Stealth        | 3 |  3.8
Conjurations   | 5 6 |  6.3
Spellcasting   | 3 |  3.7
Fighting       | |  0.6
Dodging        | |  2.4

Action                   |  1- 3 |  4- 6 |  7- 9 || total
-------------------------+-------+-------+-------++-------
Melee: Club              |     3 |       |       ||     3
       Constrict         |     1 |       |       ||     1
       Whip              |     1 |       |       ||     1
 Cast: Magic Dart        |    51 |    36 |     3 ||    90
       Searing Ray       |    13 |    26 |     2 ||    41
  Use: Scroll            |     1 |       |       ||     1
Armor: Skin              |       |     1 |     1 ||     2
Dodge: Dodged            |     3 |     5 |       ||     8

Levels and vault maps discovered:
D:1:      minmay_arrival_jagged, layout_rooms, chequers_ecumenical_altar_lobes
D:2:      layout_loops_ring
D:3:      layout_basic, uniq_crazy_yiuf_cottage
D:4:      layout_basic, serial_shops, shop, kennysheep_orc_chapel, uniq_robin,
          uniq_edmund, uniq_ijyb

Notes
Turn   | Place    | Note
-------+----------+-------------------------------------------
     0 | D:1      | mortz the Octopode Conjurer began the quest for the Orb.
     0 | D:1      | Reached XP level 1. HP: 11/11 MP: 3/3
     0 | D:1      | magus.rc [v1.9.6]
   138 | D:1      | Reached XP level 2. HP: 11/17 MP: 0/5
   141 | D:1      | Learned a level 2 spell: Searing Ray
   321 | D:1      | You pick up a book of Changes and begin reading...
   321 | D:1      | You add the spells Beastly Appendage, Wereblood and Spider
                  | Form to your library.
   858 | D:1      | Reached XP level 3. HP: 21/21 MP: 3/6
  1132 | D:1      | Found a faded altar of an unknown god.
  1409 | D:2      | Reached skill level 1 in Translocations
  1757 | D:2      | Reached XP level 4. HP: 27/27 MP: 4/7
  2330 | D:3      | Noticed a scorpion
  2335 | D:3      | Killed a scorpion
  2336 | D:3      | Reached skill level 3 in Stealth
  2336 | D:3      | Reached skill level 5 in Conjurations
  2336 | D:3      | Reached skill level 2 in Translocations
  2336 | D:3      | Reached XP level 5. HP: 16/31 MP: 9/9
  2342 | D:2      | HP: 7/31 [poisoned by a scorpion]
  2810 | D:3      | Identified the +2 mace "Watown" {protect, Str+2 Dex-3
                  | Stlth+}
  2823 | D:3      | magus.rc [v1.9.6]
  2948 | D:3      | Found a runed translucent door.
  2949 | D:3      | Noticed Crazy Yiuf
  3210 | D:4      | Noticed Robin
  3232 | D:4      | Killed Robin
  3467 | D:4      | Noticed an ogre
  3482 | D:4      | HP: 4/31 [acid (7)]
  3486 | D:4      | Reached skill level 3 in Spellcasting
  3486 | D:4      | Reached XP level 6. HP: 5/36 MP: 10/10
  3787 | D:4      | Noticed Edmund
  3929 | D:4      | Reached skill level 6 in Conjurations
  4222 | D:4      | Found Xees's General Store.
  4355 | D:4      | Reached XP level 7. HP: 42/42 MP: 12/12
  4542 | D:4      | Noticed Ijyb
  4549 | D:4      | Killed Ijyb
  4550 | D:4      | Reached skill level 3 in Translocations
  4558 | D:4      | HP: 10/42 [iguana (5)]
  4560 | D:4      | Slain by an iguana

Vanquished Creatures
  3 ogres (D:4)
  A scorpion (D:3)
  A jelly (D:4)
  Ijyb (D:4)
  A hound (D:4)
  Robin (D:4)
  2 adders (D:2)
  3 dart slugs
  An orc (D:4)
  11 endoplasms
  4 giant cockroaches
  15 goblins
  5 hobgoblins
  5 jackals
  5 kobolds
  A quokka (D:3)
  6 ball pythons
  3 bats
  2 frilled lizards
  7 rats
78 creatures vanquished.

Vanquished Creatures (others)
  A plant (D:1)
1 creature vanquished.

Grand Total: 79 creatures vanquished

Table legend:
 A = Non-vault XP
 B = Vault XP
 C = Vault XP percentage of total XP
 D = Non-vault monster count
 E = Vault monster count
 F = Vault count percentage of total count
                 A         B        C        D         E       F
            +---------+---------+-------+---------+---------+-------
      Total |     663 |      77 |  10.4 |      65 |      13 |  16.7
            +---------+---------+-------+---------+---------+-------
        D:1 |      42 |       0 |   0.0 |      24 |       0 |   0.0
        D:2 |      57 |       0 |   0.0 |      21 |       0 |   0.0
        D:3 |      88 |       0 |   0.0 |       5 |       0 |   0.0
        D:4 |     476 |      77 |  13.9 |      15 |      13 |  46.4
            +---------+---------+-------+---------+---------+-------

Illustrated notes

Table legend:
 A = Kills in this place as a percentage of kills in entire the game.
 B = Kills by you in this place as a percentage of kills by you in the entire game.
 C = Kills by friends in this place as a percentage of kills by friends in the entire game.
 D = Other kills in this place as a percentage of other kills in the entire game.
 E = Experience gained in this place as a percentage of experience gained in the entire game.
 F = Experience gained in this place divided by the number of levels of this place that you have seen.
                   A       B       C       D       E      F
               +-------+-------+-------+-------+-------+----------------------
         Total | 100.0 | 100.0 |   N/A |   N/A | 100.0 | 185.0
       Dungeon | 100.0 | 100.0 |   N/A |   N/A | 100.0 | 185.0
               +-------+-------+-------+-------+-------+----------------------

Table legend: (Time is in decaauts)
 A = Elapsed time spent in this place.
 B = Non-inter-level travel time spent in this place.
 C = Inter-level travel time spent in this place.
 D = Time resting spent in this place.
 E = Time spent auto-exploring this place.
 F = Levels seen in this place.
 G = Mean time per level.
                   A        B        C        D        E       F      G
               +--------+--------+--------+--------+--------+-----+--------+
         Total |   4558 |   4504 |     54 |    966 |   2956 |   4 | 1139.5 |
       Dungeon |   4558 |   4504 |     54 |    966 |   2956 |   4 | 1139.5 |
               +--------+--------+--------+--------+--------+-----+--------+

Top non-repeatable levels by time:
     D:4: 1507 daAuts
     D:2: 1350 daAuts
     D:1: 1225 daAuts
     D:3: 475 daAuts
